 Dungeon Sprint DCSS version 0.22.1-1-ga44c0e56f4 (webtiles) character file.

181 MuseOD the Magician (level 5, -2/28 HPs)
             Began as a Deep Elf Fire Elementalist on Oct 4, 2018.
             Was a Believer of Sif Muna.
             Slain by a troll (4 damage)
             ... in the Dungeon (Sprint V: "Ziggurat Sprint").
             The game lasted 00:01:27 (229 turns).

MuseOD the Magician (Deep Elf Fire Elementalist)     Turns: 229, Time: 00:01:27

Health: -2/28      AC:  2    Str: 11    XL:     5   Next: 34%
Magic:  7/16       EV: 17    Int: 21    God:    Sif Muna [**....]
Gold:   0          SH:  0    Dex: 21    Spells: 15/18 levels left

rFire    . . .     SeeInvis .   D - +5 quick blade
rCold    . . .     Gourm    .   (no shield)
rNeg     . . .     Faith    .   a - +0 robe
rPois    .         Spirit   .   (no helmet)
rElec    .         Reflect  .   (no cloak)
rCorr    .         Harm     .   (no gloves)
MR       .....     NoTele   +   (no boots)
Stlth    ++++......             (no amulet)
HPRegen  0.09/turn              B - +6 ring of strength
MPRegen  0.15/turn              y - +6 ring of dexterity

@: no status effects
A: no striking features
a: Divine Energy, Renounce Religion


You were in the Dungeon.
You worshipped Sif Muna.
Sif Muna was pleased with you.
You were not hungry.

You visited 1 branch

Inventory:

Hand Weapons
 D - a +5 quick blade (weapon)
Armour
 a - a +0 robe (worn)
Jewellery
 y - a +6 ring of dexterity (right hand)
 B - a +6 ring of strength (left hand)
Wands
 u - a wand of disintegration (7)
 v - a wand of iceblast (4)
 w - a wand of acid (7)
Scrolls
 i - 4 scrolls of blinking
 o - 4 scrolls of amnesia
 p - 7 scrolls of fog
 q - a scroll of holy word
 r - 5 scrolls of identify
 s - 5 scrolls of remove curse
 t - 2 scrolls of fear
Potions
 b - 2 potions of brilliance
 d - 10 potions of curing
 e - 10 potions of heal wounds
 f - 6 potions of haste
 g - 7 potions of magic
 h - 3 potions of berserk rage
 j - 2 potions of invisibility
 k - 4 potions of resistance
 m - 5 potions of agility
 n - 5 potions of might
Comestibles
 c - 7 rations


   Skills:
 - Level 2.6 Short Blades
 + Level 6.5 Dodging
 + Level 7.0 Stealth
 + Level 7.2 Spellcasting
 + Level 5.5 Conjurations
 + Level 6.8 Fire Magic


You had 15 spell levels left.
You knew the following spells:

 Your Spells              Type           Power        Failure   Level  Hunger
a - Flame Tongue          Conj/Fire      ####.        1%          1    None
b - Throw Flame           Conj/Fire      ####..       1%          2    None

Your spell library contained the following spells:

 Spells                   Type           Power        Failure   Level  Hunger
 Conjure Flame            Conj/Fire      ####....     1%          3    None
 Inner Flame              Hex/Fire       ###.....     6%          3    None
 Sticky Flame             Conj/Fire      ####....     7%          4    ###....
 Stone Arrow              Conj/Erth      ###...       9%          3    None
 Corpse Rot               Necr           N/A          13%         2    None
 Fireball                 Conj/Fire      ####......   19%         5    #####..
 Leda's Liquefaction      Hex/Erth       #.........   65%         4    ###....
 Summon Forest            Summ/Tloc      #.........   94%         5    #####..
 Hydra Form               Tmut           #.........   100%        6    ######.
 Summon Hydra             Summ           #.........   100%        7    #######


Dungeon Overview and Level Annotations

Branches:
Dungeon (1/1)

Altars:
Ashenzari
Cheibriados
Dithmenos
Elyvilon
Fedhas
Gozag
Hepliaklqana
Kikubaaqudgha
Makhleb
Nemelex Xobeh
Okawaru
Qazlal
Ru
Sif Muna
Trog
Uskayaw
Vehumet
Wu Jian
Xom
Yredelemnul
Zin
The Shining One
Beogh
Jiyva
Lugonu

Annotations:
D 1 transporter


Message History

Casting: Flame Tongue (safe; 1% risk of failure)
Confirm with . or Enter, or press ? or * to list all spells.
Aiming: Flame Tongue (safe; 1% risk of failure)
Press: ? - help, Shift-Dir - straight line, f/p - troll
Aim: a troll (almost dead)
The flame tongue hits the troll.
The troll is almost dead.
The troll closely misses you. The troll barely misses you. The troll claws you!
Ouch! That really hurt!
Casting: Flame Tongue (safe; 1% risk of failure)
Confirm with . or Enter, or press ? or * to list all spells.
Aiming: Flame Tongue (safe; 1% risk of failure)
Press: ? - help, Shift-Dir - straight line, f/p - troll
Aim: a troll (almost dead)
The flame tongue hits the troll.
The troll is almost dead.
The troll bites you!
* * * LOW HITPOINT WARNING * * *
The troll claws you.
You die...

▓▓▓▓▓▓▓▓▓▓▓▓▓
▓.8©8.▓.8©8.▓
▓.:|}.▓.....▓
▓.....▓.)...▓
▓...).▓.....▓
▓..)..▓.....▓
▓..T..▓..©..▓
▓..@..▓▓▓▓▓▓▓
▓▓▓▓▓▓▓


You could see a troll.

Vanquished Creatures
  2 ogres (D)
  An ufetubus (D)
  A quokka zombie (D)
4 creatures vanquished.

Vanquished Creatures (others)
  A spatial maelstrom (D)
1 creature vanquished.

Grand Total: 5 creatures vanquished

Notes
Turn   | Place    | Note
-------+----------+-------------------------------------------
     0 | D        | Found the +6 Majin-Bo {vamp, Archmagi MP+6 Int+6}
     0 | D        | Found the +7 great mace "Firestarter" {inner flame, rF++}
     0 | D        | MuseOD the Deep Elf Fire Elementalist began the quest for
                  | the Orb.
     0 | D        | Reached XP level 1. HP: 10/10 MP: 6/6
     0 | D        | Found a deep blue altar of Sif Muna.
     0 | D        | Found a bloodstained altar of Trog.
     0 | D        | Found a sacrificial altar of Ru.
     0 | D        | Found a stormy altar of Qazlal.
     0 | D        | Found an iron altar of Okawaru.
     1 | D        | Found a sparkling altar of Nemelex Xobeh.
     1 | D        | Found a blossoming altar of Fedhas.
     3 | D        | Found a transporter.
     3 | D        | Found an ancient bone altar of Kikubaaqudgha.
     3 | D        | Found a viscous altar of Jiyva.
     3 | D        | Found a corrupted altar of Lugonu.
     3 | D        | Found a hazy altar of Hepliaklqana.
     3 | D        | Found a burning altar of Makhleb.
     3 | D        | Found an opulent altar of Gozag.
    11 | D        | Banished a spatial maelstrom
    43 | D        | Became a worshipper of Sif Muna the Loreminder
    44 | D        | Reached XP level 2. HP: 15/15 MP: 6/9
    48 | D        | Learned a level 2 spell: Throw Flame
    77 | D        | Entered arena 2.
    77 | D        | Found a transporter.
    78 | D        | Reached * piety under Sif Muna
    78 | D        | Reached skill level 5 in Fire Magic
   223 | D        | Entered arena 3.
   223 | D        | Noticed a troll
   223 | D        | Noticed an ogre
   223 | D        | Noticed an ogre
   223 | D        | Found a transporter.
   226 | D        | Killed an ogre
   226 | D        | Reached skill level 5 in Dodging
   226 | D        | Reached XP level 3. HP: 19/19 MP: 9/12
   226 | D        | Reached XP level 4. HP: 24/24 MP: 10/14
   226 | D        | Killed an ogre
   226 | D        | Reached ** piety under Sif Muna
   226 | D        | Reached skill level 5 in Conjurations
   226 | D        | Reached XP level 5. HP: 28/28 MP: 10/16
   229 | D        | Slain by a troll

Skill      XL: |  1  2  3  4 |
---------------+-------------+-----
Short Blades   | 2 |  2.6
Dodging        | 4 5 6 |  6.5
Stealth        | 4 6 7 |  7.0
Spellcasting   | 4 6 7 |  7.2
Conjurations   | 3 4 5 |  5.5
Fire Magic     | 4 6 |  6.8

Action                   |  1- 3 |  4- 6 || total
-------------------------+-------+-------++-------
 Cast: Flame Tongue      |     3 |     3 ||     6
Evoke: Wand              |     2 |     1 ||     3
  Use: Potion            |     1 |       ||     1
Dodge: Dodged            |       |     2 ||     2
